 Dungeon Crawl Stone Soup version 0.14-a0-1192-g192f278 (webtiles) character file.

373 PolkaDot the Ducker (level 5, -2/40 HPs)
             Began as a Vampire Gladiator on Nov 30, 2013.
             Was an Initiate of Yredelemnul.
             Slain by an orc wizard
             ... wielding a +0,+2 orcish dagger
              (6 damage)
             ... while paralysed by a potion of paralysis
             ... on Level 4 of the Dungeon.
             The game lasted 00:04:39 (2157 turns).

PolkaDot the Ducker (Vampire Gladiator)             Turns: 2157, Time: 00:04:40

HP  -2/40        AC  5     Str 15      XL: 5   Next: 69%
MP   5/5         EV  2     Int 10      God: Yredelemnul [......]
Gold 147         SH  0     Dex 18      Spells:  0 memorised,  4 levels left

rFire  . . .     SeeInvis +     a - +0 quarterstaff
rCold  . . .     Clarity  .     b - +0 leather armour
rNeg   + . .     Conserve .     (no shield)
rPois  .         rCorr    .     l - +0 cap
rElec  .         rRot     .     (no cloak)
SustAb . .       Spirit   .     p - +1 pair of gloves
rMut   .         Warding  .     (no boots)
Saprov . . .     Stasis   .     (no amulet)
                                r - +4 ring of dexterity
                                e - ring of wizardry

@: paralysed, very slightly contaminated, slightly resistant to hostile
enchantments, unstealthy
A: fangs 3, see invisible, unbreathing
a: Bat Form, Renounce Religion


You were on level 4 of the Dungeon.
You worshipped Yredelemnul.
Yredelemnul was noncommittal.
You were not thirsty.

You visited 1 branch of the dungeon, and saw 4 of its levels.

You collected 147 gold pieces.

Inventory:

Hand weapons
 a - a +0,+0 quarterstaff (weapon)
Missiles
 d - 3 throwing nets (quivered)
Armour
 b - a +0 leather armour (worn)
 c - a +0 helmet
 l - a +0 cap (worn)
 p - a +1 pair of gloves (worn)
Scrolls
 g - a scroll of identify {unknown}
 i - a scroll of remove curse {unknown}
 j - a scroll of amnesia {unknown}
 k - 3 scrolls of curse jewellery {unknown}
 o - 2 scrolls of teleportation {unknown}
Jewellery
 e - a ring of wizardry (left hand)
 r - a +4 ring of dexterity (right hand)
Potions
 f - a potion of paralysis
 m - a potion of curing


   Skills:
 + Level 2.6 Fighting
 * Level 4.2 Staves
 - Level 1.5 Throwing
 + Level 4.8 Dodging


You had 4 spell levels left.
You didn't know any spells.

Dungeon Overview and Level Annotations

Branches:
Dungeon (4/16)
 Temple: D:4-7

Altars:
Xom
Yredelemnul


Innate Abilities, Weirdness & Mutations

You have razor-sharp teeth.*
You have supernaturally acute eyesight.
You can survive without breathing.*


Message History

The orc is lightly wounded.
The orc hits you with an orcish short sword.
You hit the orc wizard but do no damage.
Your bite misses the orc wizard. The orc wizard barely misses you.
The orc closely misses you.
The orc wizard hits you with an orcish dagger.
Drink which item? (? for menu, Esc to quit)
You suddenly lose the ability to move!
It was a potion of paralysis.
The orc hits you with an orcish short sword.
* * * LOW HITPOINT WARNING * * *
The orc wizard casts a spell at you. The puff of flame hits you!
One of your 2 scrolls labeled PSEUMO MNUTOMUHAA catches fire!
* * * LOW HITPOINT WARNING * * *
The orc wizard hits you with an orcish dagger.
* * * LOW HITPOINT WARNING * * *
The orc barely misses you.
The orc wizard hits you with an orcish dagger.
You die...
Yredelemnul claims you as an undead slave.

#.# #.# #.# #.# #.#
#.# #.#
#.############
#...o@........
.......#####o.......
#..o.. .####.#
##.##. .# .. #. .#
## ##


You could see an orc wizard and an orc.

Vanquished Creatures
  Eustachio (D:4)
  A quasit (D:4)
  A worker ant (D:4)
  A lemure (D:4)
  An adder (D:2)
  A worm (D:2)
  An ooze (D:2)
  3 orcs
  7 bats
  5 giant cockroaches
  6 goblins
  6 hobgoblins
  3 kobolds
  2 giant newts (D:1)
  A quokka (D:2)
  2 rats (D:1)
42 creatures vanquished.

Notes
Turn   | Place    | Note
--------------------------------------------------------------
     0 | D:1      | PolkaDot, the Vampire Gladiator, began the quest for the Orb.
     0 | D:1      | Reached XP level 1. HP: 17/17 MP: 1/1
    64 | D:1      | Found a shimmering altar of Xom.
    64 | D:1      | Found a shimmering altar of Xom.
    76 | D:1      | Found a shimmering altar of Xom.
    76 | D:1      | Found a shimmering altar of Xom.
    77 | D:1      | Found a shimmering altar of Xom.
   242 | D:1      | Reached XP level 2. HP: 18/23 MP: 2/2
  1123 | D:2      | Reached XP level 3. HP: 24/28 MP: 3/3
  1148 | D:2      | Reached skill level 4 in Dodging
  1844 | D:3      | Found a basalt altar of Yredelemnul.
  1853 | D:3      | Became a worshipper of Yredelemnul the Dark
  2034 | D:4      | Noticed Eustachio
  2069 | D:4      | Reached XP level 4. HP: 28/35 MP: 4/4
  2098 | D:4      | Killed Eustachio
  2098 | D:4      | Reached XP level 5. HP: 9/40 MP: 5/5
  2156 | D:4      | Paralysed by a potion of paralysis for 4 turns
  2157 | D:4      | Slain by an orc wizard

Action                   |  1- 3 |  4- 6 || total
-------------------------+-------+-------++-------
Melee: Quarterstaff      |   117 |    36 ||   153
  Use: Potion            |     9 |     1 ||    10
